 Dungeon Crawl Stone Soup version 0.18.1-48-g4cf74bf (webtiles) character file.

53 Gargoyl the Skirmisher (level 3, 0/29 HPs)
             Began as a Demonspawn Abyssal Knight on Aug 22, 2016.
             Was a Follower of Lugonu.
             Succumbed to an adder's poison
             ... on level 2 of the Dungeon.
             The game lasted 00:04:06 (1576 turns).

Gargoyl the Skirmisher (Demonspawn Abyssal Knight)  Turns: 1576, Time: 00:04:06

Health: 0/29       AC:  3    Str: 13    XL:     3   Next: 64%
Magic:  4/4        EV: 11    Int: 13    God:    Lugonu [*.....]
Gold:   45         SH:  0    Dex: 12    Spells: 0 memorised, 2 levels left

rFire  + . .     SeeInvis .     e - +1 scythe (freeze)
rCold  . . .     Gourm    .     b - +0 leather armour
rNeg   . . .     Faith    .     (shield currently unavailable)
rPois  .         Spirit   .     (no helmet)
rElec  .         Dismiss  +     (no cloak)
rCorr  .         Reflect  .     (no gloves)
SustAt .         Harm     .     (no boots)
MR     .....                    i - amulet of dismissal
Stlth  +.........               (no ring)
                                (no ring)

@: lethally poisoned (0 -> -14), not resistant to hostile enchantments, very
unstealthy
A: fire resistance 1, flame cloud immunity
a: Depart the Abyss, Renounce Religion


You were on level 2 of the Dungeon.
You worshipped Lugonu.
Lugonu was aware of your devotion.
You were not hungry.

You visited 1 branch of the dungeon, and saw 2 of its levels.
You visited the Abyss 1 time.

You collected 45 gold pieces.

Inventory:

Hand Weapons
 e - a +1 scythe of freezing (weapon)
Armour
 b - a +0 leather armour (worn)
Jewellery
 i - an amulet of dismissal (around neck)
Scrolls
 g - 4 scrolls of identify {unknown}
 l - a scroll of fog {unknown}
 m - a scroll of enchant weapon {unknown}
 n - a scroll of recharging {unknown}
Potions
 a - a potion of curing {unknown}
 j - 2 potions of flight {unknown}
 k - a potion of might {unknown}
 p - a potion of heal wounds {unknown}
Comestibles
 c - a bread ration
 d - 2 beef jerkies
 f - a slice of pizza
 h - a meat ration
 o - 4 chunks of flesh


   Skills:
 + Level 3.5 Fighting
   Level 1.9(2.0) Axes
 + Level 0.5(1.3) Polearms
 + Level 2.3 Armour
 + Level 1.7 Dodging
 + Level 0.4 Stealth
 + Level 2.5 Invocations


You had 2 spell levels left.
You didn't know any spells.

Dungeon Overview and Level Annotations

Branches:
Dungeon (2/15)

Altars:


Innate Abilities, Weirdness & Mutations

Your flesh is heat resistant.
You are immune to clouds of flame.


Message History

The adder poisons you! The adder bites you but does no damage.
You miss the adder.
You feel sick. The adder bites you.
You are more poisoned.
The adder poisons you! The adder closely misses you.
You closely miss the adder.
You feel sick. The adder bites you.
You are more poisoned.
The adder poisons you! The adder closely misses you. The adder bites you.
You closely miss the adder.
You feel sick. The adder bites you. x2
You closely miss the adder.
You feel sick. The adder barely misses you. The adder bites you.
The adder bites you but does no damage.
You closely miss the adder.
* * * LOW HITPOINT WARNING * * *
You feel sick. The adder bites you.
* * * LOW HITPOINT WARNING * * *
You are more poisoned.
The adder poisons you! The adder misses you. The adder closely misses you.
You slash the adder! You freeze the adder.
You kill the adder!
Lugonu accepts your kill.
You die...

#.# ######## #.# #.#
#......# #.# #.#
#.....)# #.# #.#
#####......###.# #.#
#......%....##.# #.#
#...........##.# #.#
#.....†@....##.####.#
.....##.###.##......####
#.. #.###.#..........) #
..##...........###
#####..#.######.#
.....#.# #.# ###...#.#
#.# #...#.# #.# ......#
#.#


There were no monsters in sight!

Vanquished Creatures
  2 adders (D:2)
  3 dart slugs (D:1)
  A giant gecko (D:1)
  2 giant cockroaches (D:1)
  3 hobgoblins (D:1)
  3 jackals (D:2)
  2 kobolds (D:1)
  4 bats (D:1)
  2 giant newts
  4 goblins
  4 rats (D:1)
30 creatures vanquished.

Notes
Turn   | Place    | Note
--------------------------------------------------------------
     0 | Abyss:1  | Gargoyl the Demonspawn Abyssal Knight began the quest for the Orb.
     0 | Abyss:1  | Reached XP level 1. HP: 18/18 MP: 2/2
    32 | Abyss:1  | Noticed a large abomination
    33 | Abyss:1  | Noticed a small abomination
    88 | Abyss:2  | Noticed a spatial vortex
    89 | Abyss:2  | Noticed a spatial maelstrom
    90 | Abyss:2  | Noticed a spatial vortex
    92 | Abyss:2  | Noticed a spatial vortex
    96 | Abyss:2  | Noticed a spatial vortex
    96 | Abyss:2  | Noticed a spatial vortex
    98 | Abyss:2  | Noticed a spatial vortex
    99 | D:1      | Escaped the Abyss
   145 | D:1      | Reached skill level 1 in Dodging
   291 | D:1      | Gained mutation: Your flesh is heat resistant. [demonic ancestry]
   291 | D:1      | Reached XP level 2. HP: 12/24 MP: 3/3
   678 | D:1      | Reached * piety under Lugonu
  1362 | D:2      | Gained mutation: You are immune to clouds of flame. [demonic ancestry]
  1362 | D:2      | Reached XP level 3. HP: 29/29 MP: 4/4
  1576 | D:2      | Succumbed to an adder's poison

Skill      XL: |  1 |
---------------+----+-----
Dodging        | 1 |  1.7
Armour         | 2 |  2.3
Fighting       | |  3.5
Axes           | |  1.9
Polearms       | |  0.5
Stealth        | |  0.4
Invocations    | |  2.5

Action                   || total
-------------------------++-------
Melee: Scythe            ||   108
Invok: Depart the Abyss  ||     1
 Stab: Sleeping          ||     1
  Eat: Chunk             ||     3
Armor: Leather armour    ||    46
Dodge: Dodged            ||    98
